 Dungeon Crawl Stone Soup version 0.29-a0-284-gf9362112df (webtiles) character file.

Game seed: 6443024332407716936

30 spaghetti the Sneak (level 3, -3/29 HPs)
             Began as a Mummy Delver on Mar 22, 2022.
             Slain by a howler monkey (4 damage)
             ... on level 5 of the Dungeon.
             The game lasted 00:01:26 (408 turns).

spaghetti the Sneak (Mummy Delver)                   Turns: 408, Time: 00:01:27

Health: -3/29      AC:  5    Str: 17    XL:     3   Next: 5%
Magic:  3/3        EV: 11    Int:  9    God:
Gold:   32         SH:  0    Dex: 13    Spells: 2/2 levels left

rFire   x . .      SeeInvis .   a - +0 falchion {long}
rCold   + . .      Faith    .   (no shield)
rNeg    + + +      Spirit   .   b - +2 leather armour
rPois   ∞          Reflect  .   (no helmet)
rElec   .          Harm     .   (no cloak)
rCorr   .          Rampage  .   (no gloves)
Will    .....                   (no boots)
Stlth   +++.......              (no amulet)
HPRegen 0.09/turn               (no ring)
MPRegen 0.08/turn               (no ring)

@: no status effects
A: cold resistance 1, negative energy resistance 3, torment resistance 2, heat
vulnerability 1, in touch with death 1, no potions
a: no special abilities


You were on level 5 of the Dungeon.
You visited 1 branch of the dungeon, and saw 2 of its levels.

You collected 32 gold pieces.


Innate Abilities, Weirdness & Mutations

You are immune to poison.
Your flesh is cold resistant. (rC+)
You are immune to negative energy. (rN+++)
You are immune to unholy pain and torment.
You are vulnerable to heat. (rF-)
You are in touch with the powers of death.
You do not drink.


   Skills:
 - Level 3.0 Fighting
 + Level 1.5 Long Blades
 - Level 1.5 Dodging
 - Level 5.0 Stealth


You had 2 spell levels left.
You didn't know any spells.
Your spell library was empty.

Inventory:

Hand Weapons
 a - a +0 falchion (weapon) {long}
Armour
 b - a +2 leather armour (worn)
Wands
 f - a wand of digging (3)
Scrolls
 c - 2 scrolls of fog
 d - a scroll of magic mapping {!r}

Dungeon Overview and Level Annotations

Branches:
Dungeon (6/15)             Temple (0/1) D:5

Altars:
Dithmenos

Annotations:
D:5 1 transporter

#.......#...#
.#.....>.....#.#
.o ..
...#.......#...
.#..#
#....#...#..[#
.#..#
#...........# .#.s
#....#.#...# ...
#.....#.# ..
##h#h##.# .#
#.@$##.# .#
######.# .# #.# .#
########## #h#
.######.h.....>#
#.#
.....##.######.#
#.#
.o...##.######.###
#.#
.....##.##.......#
#.#
.....##.##.###.#.#
#.#


You could see 2 howler monkeys.


Message History

You closely miss the howler monkey. The howler monkey hits you.
* * * LOW HITPOINT WARNING * * *
😱 HP[-6]
You take 6 damage, and now have 2/18 hp.
MASSIVE DAMAGE!! (PAUSE)
Okay, then.
As you read the scroll of fear, it crumbles to dust.
You assume a fearsome visage.
The howler monkey looks frightened!
As you read the scroll labelled DASTRE YBIKON, it crumbles to dust.
It is a scroll of enchant armour.
Your +0 leather armour glows green for a moment.
As you read the scroll of enchant armour, it crumbles to dust.
Your +1 leather armour glows green for a moment.
Unknown command.
A howler monkey comes into view. 😱 HP[+1]
Found a staircase to the Ecumenical Temple.
An iguana comes into view.
You start resting.
An iguana is nearby! 😨 HP[+2]
You regained 2 hp, and now have 5/18 hp.
You start resting.
A howler monkey is nearby!
You start resting.
A howler monkey is nearby! 😮 HP[+8]
You regained 8 hp, and now have 13/18 hp.
A hound comes into view.
The hound barks!
The howler monkey howls!
You hear a howl!
The hound completely misses you. The hound attacks as you move away!
The hound closely misses you. The hound bites you but does no damage.
Okay, then.
You can't drink.
The hound attacks as you move away! The hound bites you. 😮 HP[-1]
You take 1 damage, and now have 12/18 hp.
You hit the hound but do no damage. The hound barely misses you.
The hound misses you.
You slash the hound! The hound bites you.
The howler monkey hoots and howls with incredible vigour!
The hound bites you.
* * * LOW HITPOINT WARNING * * *
😨 HP[-5]
You take 5 damage, and now have 7/18 hp.
MASSIVE DAMAGE!! (PAUSE)
You hit the hound. Your punch misses the hound.
The hound bites you but does no damage. The hound barely misses you.
You hit the hound but do no damage. The hound barely misses you.
The howler monkey hoots and howls with incredible vigour!
The hound closely misses you.
You hear an angry hiss.
You slash the hound!
You kill the hound!
The howler monkey hoots and howls with incredible vigour!
You hear an angry hiss.
Your Stealth skill increases to level 5!
You have reached level 2!
You have reached level 3!
Your experience leads to an increase in your attributes!
Increase (S)trength, (I)ntelligence, or (D)exterity?
You feel stronger. x2
You feel more in touch with the powers of death. 😨 HP[+4] MP[+2]
You now have 29 max hp (+11).
You regained 4 hp, and now have 11/29 hp.
Your mp is fully restored (3).
Okay, then.
You can't drink.
You barely miss the howler monkey.
The howler monkey hoots and howls with incredible vigour!
You hear an angry hiss.
You barely miss the howler monkey.
The howler monkey hits you but does no damage. 😨 HP[+1]
You hit the howler monkey. The howler monkey hits you.
* * * LOW HITPOINT WARNING * * *
The howler monkey hits you but does no damage. 😨 HP[-2]
You take 2 damage, and now have 10/29 hp.
You hit the howler monkey but do no damage.
The howler monkey hoots and howls with incredible vigour!
The howler monkey hits you.
* * * LOW HITPOINT WARNING * * *
The howler monkey hits you.
* * * LOW HITPOINT WARNING * * *
😱 HP[-6]
You take 6 damage, and now have 4/29 hp.
MASSIVE DAMAGE!! (PAUSE)
You barely miss the howler monkey.
The howler monkey hoots and howls with incredible vigour! x2
The howler monkey hits you.
* * * LOW HITPOINT WARNING * * *
😱 HP[-1]
You take 1 damage, and now have 3/29 hp.
You hit the howler monkey. The howler monkey hits you.
* * * LOW HITPOINT WARNING * * *
The howler monkey hits you.
You die...

Skill      XL: |  1 |
---------------+----+-----
Stealth        | 5 |  5.0
Fighting       | |  3.0
Long Blades    | |  1.5
Dodging        | |  1.5

Action                   || total
-------------------------++-------
Melee: Falchion          ||    21
  Use: Scroll            ||     3
Armor: Leather armour    ||     6
Dodge: Dodged            ||    12

Levels and vault maps discovered:
D:5:      layout_loops_ring, gammafunk_temple_overflow_arena,
          minmay_temple_entry_sparse_star, uniq_menkaure
D:6:      layout_loops_ring, serial_bayou_ford_a, minmay_misc_feat_cross,
          grunt_ministairs_1, uniq_grinder

Notes
Turn   | Place    | Note
-------+----------+-------------------------------------------
     0 | D:5      | spaghetti the Mummy Delver began the quest for the Orb.
     0 | D:5      | Reached XP level 1. HP: 18/18 MP: 1/1
     0 | D:5      | magus.rc [v1.9.6]
    60 | D:5      | Found a transporter.
    60 | D:5      | Found a shadowy altar of Dithmenos.
    60 | D:5      | Noticed a yak
    60 | D:5      | Noticed a centaur
    61 | D:5      | Noticed a yak
   158 | D:5      | Noticed an orc priest
   159 | D:5      | Noticed a scorpion
   185 | D:6      | Noticed a howler monkey
   188 | D:6      | Noticed an orc wizard
   198 | D:5      | HP: 2/18 [howler monkey (6)]
   210 | D:5      | Noticed a howler monkey
   221 | D:5      | Found a staircase to the Ecumenical Temple.
   221 | D:5      | Noticed an iguana
   392 | D:5      | Noticed a hound
   402 | D:5      | Killed a hound
   403 | D:5      | Reached skill level 5 in Stealth
   403 | D:5      | Reached XP level 2. HP: 9/24 MP: 2/2
   403 | D:5      | Gained mutation: You are in touch with the powers of death.
                  | [Mummy growth]
   403 | D:5      | Reached XP level 3. HP: 11/29 MP: 3/3
   406 | D:5      | HP: 4/29 [howler monkey (4)]
   408 | D:5      | HP: 1/29 [howler monkey (2)]
   408 | D:5      | Slain by a howler monkey

Vanquished Creatures
  A hound (D:5)
  A quokka (D:5)
2 creatures vanquished.

Table legend:
 A = Non-vault XP
 B = Vault XP
 C = Vault XP percentage of total XP
 D = Non-vault monster count
 E = Vault monster count
 F = Vault count percentage of total count
                 A         B        C        D         E       F
            +---------+---------+-------+---------+---------+-------
      Total |      44 |       0 |   0.0 |       2 |       0 |   0.0
            +---------+---------+-------+---------+---------+-------
        D:5 |      44 |       0 |   0.0 |       2 |       0 |   0.0
            +---------+---------+-------+---------+---------+-------

Illustrated notes

Table legend:
 A = Kills in this place as a percentage of kills in entire the game.
 B = Kills by you in this place as a percentage of kills by you in the entire game.
 C = Kills by friends in this place as a percentage of kills by friends in the entire game.
 D = Other kills in this place as a percentage of other kills in the entire game.
 E = Experience gained in this place as a percentage of experience gained in the entire game.
 F = Experience gained in this place divided by the number of levels of this place that you have seen.
                   A       B       C       D       E      F
               +-------+-------+-------+-------+-------+----------------------
         Total | 100.0 | 100.0 |   N/A |   N/A | 100.0 |  22.0
       Dungeon | 100.0 | 100.0 |   N/A |   N/A | 100.0 |  22.0
               +-------+-------+-------+-------+-------+----------------------

Table legend: (Time is in decaauts)
 A = Elapsed time spent in this place.
 B = Non-inter-level travel time spent in this place.
 C = Inter-level travel time spent in this place.
 D = Time resting spent in this place.
 E = Time spent auto-exploring this place.
 F = Levels seen in this place.
 G = Mean time per level.
                   A        B        C        D        E       F      G
               +--------+--------+--------+--------+--------+-----+--------+
         Total |    412 |    398 |     14 |    218 |     68 |   2 |  206.0 |
       Dungeon |    412 |    398 |     14 |    218 |     68 |   2 |  206.0 |
               +--------+--------+--------+--------+--------+-----+--------+

Top non-repeatable levels by time:
     D:5: 405 daAuts
     D:6: 7 daAuts
